 Dungeon Crawl Stone Soup version 0.27.1-34-g3ba077fa99 (webtiles) character file.

Game seed: 12393298757570831190

235 Delamore the Covert (level 6, 0/39 HPs)
             Began as an Octopode Brigand on Feb 2, 2022.
             Slain by an ufetubus (4 damage)
             ... while paralysed by Grinder
             ... in a sewer.
             The game lasted 00:03:28 (2845 turns).

Delamore the Covert (Octopode Brigand)              Turns: 2845, Time: 00:03:29

Health: 0/39       AC:  1    Str: 11    XL:     6   Next: 6%
Magic:  6/6        EV:  2    Int: 13    God:
Gold:   129        SH:  0    Dex: 15    Spells: 5/5 levels left

rFire    . . .     SeeInvis .   d - +1 dagger (venom)
rCold    . . .     Faith    .   f - +1 buckler
rNeg     . . .     Spirit   .   (helmet restricted)
rPois    .         Reflect  .   (no amulet)
rElec    .         Harm     .   (no ring)
rCorr    .         Rampage  .   (no ring)
Will     .....                  (no ring)
Stlth    +++++.....             (no ring)
HPRegen  0.13/turn              (no ring)
MPRegen  0.10/turn              (no ring)
                                (no ring)
                                (no ring)

@: paralysed
A: almost no armour, amphibious, 8 rings, camouflage 1, gelatinous body 1,
(nimble swimmer 1), tentacles
a: no special abilities


You were in a sewer.
You visited 1 branch of the dungeon, and saw 3 of its levels.
You also visited: Sewer.

You collected 129 gold pieces.

Inventory:

Hand Weapons
 a - a +2 dagger
 d - a +1 dagger of venom (weapon)
Missiles
 b - 19 poisoned darts (quivered)
 c - 2 curare-tipped darts
 i - 5 boomerangs
 k - 5 javelins
Armour
 f - a +1 buckler (worn)
Scrolls
 h - a scroll of identify {unknown}
Potions
 g - 2 potions of might {unknown}
 j - a potion of brilliance {unknown}
 l - 3 potions of curing {unknown}


   Skills:
 - Level 2.0 Fighting
 + Level 3.8 Short Blades
 - Level 2.0 Throwing
 - Level 1.0 Dodging
 * Level 8.7 Stealth


You had 5 spell levels left.
You didn't know any spells.
Your spell library was empty.

Dungeon Overview and Level Annotations

Branches:
Dungeon (3/15)              Sewer (1/1)

Altars:
Cheibriados
Qazlal

Annotations:
Sewer Grinder


Innate Abilities, Weirdness & Mutations

You cannot wear most types of armour.
You are amphibious.
You can wear up to eight rings at the same time.
Your skin changes colour to match your surroundings (Stealth+).
Your rubbery body absorbs attacks. (AC +1, EV +1)
((You are camouflaged near water. (Stealth+)))
You have tentacles for arms and can constrict up to eight enemies at once.


Message History

Things that are here:
a +0 club; a kobold corpse
Things that are here:
a +0 club; a kobold corpse; a kobold corpse
There is an open door here.
You open the gate. 2 ufetubi come into view.
There are monsters nearby!
There are monsters nearby!
Grinder comes into view.
She is carrying a wand of flame (22).
Found 10 gold pieces, an orange potion and a ring mail.
There is an open gate here.
Found a fuming cyan potion.
The ufetubus shouts! x2; Grinder shouts!
Found a gate leading back out of this place.
You miss the ufetubus. You grab the ufetubus. You constrict the ufetubus.
The ufetubus hits you. You block the ufetubus's attack.
You hit the ufetubus but do no damage.
The ufetubus is poisoned.
The ufetubus is lightly wounded.
You constrict the ufetubus, but do no damage.
The ufetubus hits you. You block the ufetubus's attack.
You hit the ufetubus.
The ufetubus looks as sick as possible!
The ufetubus is almost dead.
You constrict the ufetubus, but do no damage.
You kill the ufetubus!
The ufetubus hits you. x3; The ufetubus barely misses you.
You hit Grinder but do no damage. Your grab misses Grinder.
The ufetubus closely misses you. The ufetubus misses you.
Grinder gestures at you.
You suddenly lose the ability to move!
The ufetubus hits you. The ufetubus completely misses you. Grinder hits you.
The ufetubus hits you but does no damage.
The ufetubus hits you. x3
* * * LOW HITPOINT WARNING * * *
Grinder gestures at you.
You shrug off the repeated paralysis!
The ufetubus hits you.
* * * LOW HITPOINT WARNING * * *
The ufetubus hits you.
You die...

#∩# ##!## ##[$!##
#≈...≈#
#≈...≈##############
#≈...≈##≈≈)+.≈≈≈≈≈≈≈
#≈.55≈##≈≈.#..≈≈≈≈≈≈
#≈.@.≈##≈≈.#..≈≈≈≈≈≈
#≈...≈##≈..#..≈≈≈≈≈≈
##'''###≈≈.#..≈≈≈≈≈≈
##.....##≈).#...≈≈≈≈≈
#...§..###)####.###≈#
+.§.....#...#≈≈....†.
+..._.§.'...≈≈≈≈.....
+.§.....#...#≈≈))....
#...§..###.####.#≈###


You could see Grinder and an ufetubus.

Vanquished Creatures
  A kobold brigand (Sewer)
  Crazy Yiuf (D:2)
  3 adders
  2 shadow imps (Sewer)
  5 ufetubi (Sewer)
  An adder zombie (Sewer)
  A dart slug (D:2)
  An orc (D:3)
  8 bats
  4 endoplasms
  A giant cockroach (Sewer)
  6 goblins
  5 hobgoblins
  2 quokkas
  7 ball pythons
  6 frilled lizards
  10 kobolds
  A kobold zombie (Sewer)
  6 rats
71 creatures vanquished.

Vanquished Creatures (others)
  A giant cockroach zombie (Sewer)
  2 kobold zombies (Sewer)
  A fungus (D:2)
4 creatures vanquished.

Grand Total: 75 creatures vanquished

Notes
Turn   | Place    | Note
-------+----------+-------------------------------------------
     0 | D:1      | Delamore the Octopode Brigand began the quest for the Orb.
     0 | D:1      | Reached XP level 1. HP: 14/14 MP: 1/1
     6 | D:1      | Noticed a wolf
     6 | D:1      | Noticed a komodo dragon
     6 | D:1      | Noticed a lindwurm
     6 | D:1      | Noticed a swamp drake
   197 | D:1      | Found a faded altar of an unknown god.
   304 | D:1      | Reached XP level 2. HP: 19/19 MP: 2/2
   560 | D:1      | Reached skill level 6 in Stealth
   888 | D:2      | Reached XP level 3. HP: 24/24 MP: 3/3
  1106 | D:2      | Found a runed translucent door.
  1107 | D:2      | Noticed Crazy Yiuf
  1114 | D:2      | Killed Crazy Yiuf
  1115 | D:2      | Reached skill level 7 in Stealth
  1115 | D:2      | Reached XP level 4. HP: 29/29 MP: 4/4
  2080 | D:3      | Found a snail-covered altar of Cheibriados.
  2080 | D:3      | Found a stormy altar of Qazlal.
  2228 | D:3      | Found a glowing drain.
  2238 | Sewer    | Entered a sewer
  2358 | Sewer    | Reached XP level 5. HP: 25/34 MP: 5/5
  2598 | Sewer    | Reached skill level 8 in Stealth
  2611 | Sewer    | Found a burning altar of Makhleb.
  2611 | Sewer    | Noticed a kobold brigand
  2629 | Sewer    | Killed a kobold brigand
  2630 | Sewer    | Reached XP level 6. HP: 14/39 MP: 6/6
  2836 | Sewer    | Noticed Grinder
  2842 | Sewer    | Paralysed by Grinder for 4 turns
  2845 | Sewer    | Slain by an ufetubus

Illustrated notes

Levels and vault maps discovered:
D:1:      onia_arrival_zoo_common, layout_loops_corners,
          ebering_ecumenical_altar_box
D:2:      layout_loops_ring, uniq_crazy_yiuf_cottage
D:3:      layout_basic, lemuel_round_altar, gammafunk_temple_overflow_statue,
          portal_sewer_entry_b
Sewer:    kennysheep_sewer_church

Skill      XL: |  1  2  3  4  5 |
---------------+----------------+-----
Stealth        | 6 7 8 |  8.7
Short Blades   | 3 |  3.8
Fighting       | |  2.0
Throwing       | |  2.0
Dodging        | |  1.0

Action                   |  1- 3 |  4- 6 || total
-------------------------+-------+-------++-------
Melee: Dagger            |    39 |    86 ||   125
       Constrict         |     6 |    21 ||    27
       Tentacles         |     5 |    15 ||    20
  Use: Scroll            |       |     2 ||     2
 Stab: Sleeping          |    16 |    13 ||    29
Armor: Skin              |     2 |     4 ||     6
Dodge: Dodged            |    16 |    40 ||    56
Block: Buckler           |     3 |     8 ||    11
